 Dungeon Crawl Stone Soup version 0.30-a0-738-g116ff8c4af (webtiles) character file.

Game seed: 16958630445626562267

13 Monkooky the Insei (level 2, -1/22 HPs)
             Began as a Demigod Transmuter on Feb 3, 2023.
             Slain by a gnoll
             ... wielding a +0 flail
              (9 damage)
             ... on level 2 of the Dungeon.
             The game lasted 00:01:49 (842 turns).

Monkooky the Insei (Demigod Transmuter)              Turns: 842, Time: 00:01:49

Health: -1/22      AC:  2    Str: 11    XL:     2   Next: 12%
Magic:  7/7        EV: 12    Int: 15    God:
Gold:   44         SH:  0    Dex: 14    Spells: 1/4 levels left

rFire   . . .      SeeInvis .      - Unarmed
rCold   . . .      Faith    .    (no shield)
rNeg    . . .      Spirit   .    a - +0 robe
rPois   .          Reflect  .    (no helmet)
rElec   .          Harm     .    (no cloak)
rCorr   .          Rampage  .    (no gloves)
Will    .....                    (no boots)
Stlth   +                        (no amulet)
HPRegen 0.23/turn                (no ring)
MPRegen 0.10/turn                (no ring)

@: no status effects
A: high MP 1, forlorn, divine attributes
a: no special abilities


You were on level 2 of the Dungeon.
You visited 1 branch of the dungeon, and saw 2 of its levels.

You collected 44 gold pieces.

Inventory:

Armour
 a - a +0 robe (worn)
Magical Staves
 e - a staff of air
Wands
 i - a wand of iceblast (6)
Scrolls
 g - a scroll of identify {unknown}
 h - a scroll of teleportation {unknown}
Potions
 b - a potion of lignification
 c - a potion of flight {unknown}
 d - a potion of heal wounds {unknown}
 f - a potion of might {unknown}
 j - a potion of resistance {unknown}


   Skills:
 - Level 0.8 Fighting
 - Level 1.7 Dodging
 + Level 3.4 Unarmed Combat
 - Level 1.7 Spellcasting
 - Level 1.7 Transmutations


You had one spell level left.
You knew the following spells:

 Your Spells              Type           Power      Damage    Failure   Level
a - Beastly Appendage     Tmut           12%        N/A       11%         1
b - Wereblood             Tmut           6%         N/A       17%         2

Your spell library contained the following spells:

 Spells                   Type           Power      Damage    Failure   Level
 Slow                     Hex            4%         N/A       22%         1
 Spider Form              Tmut/Pois      3%         N/A       43%         3
 Confusing Touch          Hex            1%         N/A       56%         3
 Vampiric Draining        Necr           1%         2d6       56%         3
 Ice Form                 Ice/Tmut       3%         N/A       85%         4
 Anguish                  Hex/Necr       0%         N/A       92%         4
 Enfeeble                 Hex            0%         N/A       100%        7


Dungeon Overview and Level Annotations

Branches:
Dungeon (2/15)

Shops:
D:1 *


Innate Abilities, Weirdness & Mutations

You have an increased reservoir of magic. (+10% MP)
You shall have no god before yourself.
Your divine heritage dramatically boosts your attributes as you level up.


Message History

Done exploring.
(D) Dungeon
Where to? (Enter - D:1 @ (x,y), ? - help)
There is a stone staircase leading down here.
You climb downwards.
There is a stone staircase leading up here.
h - a scroll labelled OLIVECHACK
i - a wand of iceblast (6)
Found a stone staircase leading up.
j - a viscous orange potion As you open the door, it creaks loudly!
You hear a shout! x3
You hear an angry hiss.
Found a book of Maledictions.
You hear an angry hiss.
There is an open door here.
You pick up a book of Maledictions and begin reading...
You add the spells Anguish and Enfeeble to your library.
A gnoll comes into view. It is wielding a +0 flail.
You grow a pair of large bovine horns.
Your feet morph into talons.
You barely miss the gnoll. You hit the gnoll but do no damage.
You claw the gnoll, but do no damage.
You hear an angry hiss.
The gnoll hits you with a +0 flail.
An adder comes into view.
You hear a shout!
You barely miss the gnoll. The gnoll barely misses you.
Your transformation is almost over.
You barely miss the gnoll. You claw the gnoll, but do no damage.
You headbutt the gnoll, but do no damage.
The gnoll closely misses you.
You closely miss the gnoll. The gnoll hits you with a +0 flail!
You barely miss the gnoll. The gnoll hits you with a +0 flail.
Okay, then.
You closely miss the gnoll. You claw the gnoll.
The gnoll is moderately wounded.
The gnoll completely misses you.
There is an open door here.
Your horns disappear.
Your talons disappear.
The gnoll attacks as you move away! The gnoll hits you with a +0 flail!
You die...

##...#.#### #.#.#..#
..........# #.#....####
..........# #.#.......#
..........####.+.......+
######+##......#.......#
#.........###### #
#.........# .+
#.........######..#...
+.......@gS........#
#.........#####....#
#......#### ..#.#
#......# #'# .. .#######
.. # ... ... ....


You could see a gnoll and an adder.

Vanquished Creatures
  An endoplasm (D:1)
  A giant cockroach (D:1)
  A hobgoblin (D:1)
  3 jackals (D:1)
  A kobold (D:1)
  A bat (D:1)
  4 rats (D:1)
12 creatures vanquished.

Notes
Turn   | Place    | Note
-------+----------+-------------------------------------------
     0 | D:1      | Monkooky the Demigod Transmuter began the quest for the
                  | Orb.
     0 | D:1      | Reached XP level 1. HP: 15/15 MP: 5/5
   260 | D:1      | Reached skill level 3 in Unarmed Combat
   396 | D:1      | Reached XP level 2. HP: 22/22 MP: 5/7
   399 | D:1      | Learned a level 2 spell: Wereblood
   689 | D:1      | Found Imnoem's General Store.
   842 | D:2      | Slain by a gnoll

Illustrated notes

Levels and vault maps discovered:
D:1:      matt_arrival_diagonals, layout_basic,
          hellmonk_ecumenical_altar_pennies_from_heaven, serial_shops,
          nicolae_shop_hallway_stairs
D:2:      layout_basic, uniq_crazy_yiuf_cottage, uniq_natasha

Skill      XL: |  1 |
---------------+----+-----
Unarmed Combat | 3 |  3.4
Fighting       | |  0.8
Dodging        | |  1.7
Spellcasting   | |  1.7
Transmutations | |  1.7

Action                     || total
---------------------------++-------
  Melee: Unarmed           ||    37
         Kick              ||     7
         Punch             ||     3
         Headbutt          ||     2
   Cast: Beastly Appendage ||     6
   Stab: Sleeping          ||     1
 Armour: Robe              ||     7
  Dodge: Dodged            ||    17

Table legend: (Time is in decaauts)
 A = Elapsed time spent in this place.
 B = Non-inter-level travel time spent in this place.
 C = Inter-level travel time spent in this place.
 D = Time resting spent in this place.
 E = Time spent auto-exploring this place.
 F = Levels seen in this place.
 G = Mean time per level.
                   A        B        C        D        E       F      G
               +--------+--------+--------+--------+--------+-----+--------+
         Total |    841 |    801 |     40 |      0 |    685 |   2 |  420.5 |
       Dungeon |    841 |    801 |     40 |      0 |    685 |   2 |  420.5 |
               +--------+--------+--------+--------+--------+-----+--------+

Top non-repeatable levels by time:
     D:1: 788 daAuts
     D:2: 53 daAuts
